Canadiens vs Senators

Created - 20 décembre 2023 at 11:11

Goals
1 2 3 T
Canadiens 3 0 1 4
Senators 2 1 0 3
Shots
1 2 3 T
Canadiens 13 8 11 32
Senators 11 8 7 26

GoalsPenalties
1st period
1. Canadiens , Brandon Hagel 20 (Matt Duchene 18, Matthew Tkachuk 25) at 4:14
2. Canadiens , Andrew Mangiapane 17 (Elias Lindholm 30, Ryan Nugent-Hopkins 23) at 8:15
3. Senators , Travis Konecny 22 (Connor Clifton 4) at 13:50
4. Senators , Scott Laughton 15 (John Klingberg 13, Sam Bennett 16) at 18:20 (PP)
5. Canadiens , Elias Lindholm 25 (Max Domi 20, Justin Faulk 18) at 18:38
Matthew Tkachuk (MTL) for Kneeing (Minor) at 17:15
2nd period
6. Senators , Scott Laughton 16 (John Klingberg 14, Dakota Joshua 3) at 13:06
Gabriel Landeskog (OTT) for Hooking (Minor) at 0:53
3rd period
7. Canadiens , Brandon Hagel 21 (Matt Duchene 19) at 1:03
Dante Fabbro (OTT) for Fighting (Major) at 13:06
Andrew Mangiapane (MTL) for Fighting (Major) at 13:06
Justin Faulk (MTL) for Hooking (Minor) at 13:21
Goalie Stats
Linus Ullmark (MTL), 23 saves from 26 shots - (0,885), W, 24-14-6, 60:00 minutes
Juuse Saros (OTT), 28 saves from 32 shots - (0,875), L, 18-11-4, 59:59 minutes
3 StarsOfficial
1 - Brandon Hagel (MTL)
2 - Scott Laughton (OTT)
3 - Elias Lindholm (MTL)
Referees : Kyle Rehman and Peter MacDougall
Linesman : Julien Fournier and Ryan Gibbons
Game Note
Andrew Mangiapane beats up Dante Fabbro at 13:06 of 3rd period
Dante Fabbro is injured at 19:43 of 3rd period (Torso)
Finance
Level 1 -- Attendance: 5690 (93%) -- Ticket Income $523,480
Level 2 -- Attendance: 4522 (87%) -- Ticket Income $239,666
Level 3 -- Attendance: 3446 (91%) -- Ticket Income $96,488
Level 4 -- Attendance: 4250 (99%) -- Ticket Income $63,750
Luxury Box -- Attendance: 1050 (100%) -- Ticket Income $199,500
Game was played at the Scotia Bank Place.
Total Attendance: 18958 (92%)
Total Ticket Income: $1,122,884
Other Income: $336,865
Total Income: $1,459,749



Team Name Goals Shots Shots Attemp Shots Blocked PIM HIT PP PK FO%
Canadiens 4326139150 / 1 (0%)157%
Senators 32642137241 / 2 (50%)043%

Canadiens
Player Name POS G A P +/- PIM HIT SHT SB MP PP MP PP SHT PK MP PK SHT FO% FOT GA TA
Andrew MangiapaneLW/RW1011512020:430:4800:0000% 011
Blake ColemanLW/RW0000002013:250:0000:1900% 000
Brandon HagelLW2022035016:590:0001:4610% 002
Elias LindholmC1121013022:561:1100:30064% 3300
Jake WalmanD0000040014:450:0000:5000% 000
Jonas SiegenthalerD0002003126:381:1902:0700% 000
Justin FaulkD0112213125:211:1900:4310% 002
Juuso ValimakiD000000001:200:0000:0000% 000
K'Andre MillerD0000001119:430:4000:5700% 001
Mathew BarzalC/RW0000010012:090:0000:0000% 100
Matias MaccelliLW000-101005:350:0000:0000% 000
Matt DucheneC/RW0222002016:310:4800:00050% 1600
Matthew TkachukRW0111224021:491:1100:00050% 200
Max DomiC/LW0111001022:090:4800:5900% 111
Noel AcciariC/RW000-100307:540:0000:48067% 300
Ryan Nugent-HopkinsC/LW0110001015:001:1101:46050% 420
Vladislav GavrikovD0000011020:010:4001:3100% 000
Zach WerenskiD0000001013:550:0000:0000% 001
Senators
Player Name POS G A P +/- PIM HIT SHT SB MP PP MP PP SHT PK MP PK SHT FO% FOT GA TA
Alexander RomanovD0000020124:302:0401:0300% 000
Andrew CoppC/LW/RW000-2031118:031:3800:3800% 100
Anthony ManthaLW/RW0000003012:291:2400:2600% 100
Connor CliftonD0110000114:411:0000:5600% 000
Craig SmithC/RW000001009:450:0200:0700% 000
Dakota JoshuaLW011004119:050:0000:1800% 000
Dante FabbroD000-2511120:370:0000:5600% 001
Derek RyanC/RW000001008:300:0000:38050% 600
Ethan BearD0000010113:040:0000:0000% 000
Gabriel LandeskogC/LW0000200010:070:0000:0000% 000
John KlingbergD0220012123:411:0000:0000% 000
Nikita ZadorovD000-2010223:262:0401:0300% 012
Pavel ZachaC/LW/RW0000012122:181:3800:00047% 3001
Pierre EngvallLW/RW000-2022015:270:0200:0000% 110
Sam BennettC011-2014015:571:2400:00043% 1410
Scott LaughtonC/LW2020014121:581:2420:5600% 110
Teddy BluegerC/LW0000013212:490:0200:55050% 610
Travis KonecnyLW/RW1010033021:321:3800:0000% 030

Canadiens

5 vs 5 Forward
Line #Left WingCenterRight WingPHYDFOFWanted %Time %Time Play
1Max DomiElias LindholmAndrew Mangiapane1224740%21:15
2Brandon HagelMatt DucheneMatthew Tkachuk1223129%15:51
3Ryan Nugent-HopkinsMathew BarzalBlake Coleman1221821%11:06
4Matias MaccelliNoel AcciariMatthew Tkachuk122410%5:35
5 vs 5 Defense
Line #DefenseDefensePHYDFOFWanted %Time %Time Play
1Justin FaulkJonas Siegenthaler1224038%20:39
2K'Andre MillerVladislav Gavrikov1223233%17:50
3Jake WalmanZach Werenski1222326%13:55
4Justin FaulkJonas Siegenthaler12253%1:23
Power Play Forward
Line #Left WingCenterRight WingPHYDFOFWanted %Time %Time Play
1Ryan Nugent-HopkinsElias LindholmMatthew Tkachuk1137060%1:11
2Andrew MangiapaneMax DomiMatt Duchene0143040%0:48
Power Play Defense
Line #DefenseDefensePHYDFOFWanted %Time %Time Play
1Justin FaulkJonas Siegenthaler1136566%1:19
2K'Andre MillerVladislav Gavrikov1133534%0:40
Penalty Kill 4 Players Forward
Line #CenterWingPHYDFOFWanted %Time %Time Play
1Ryan Nugent-HopkinsBrandon Hagel13165100%3:04
2Elias LindholmNoel Acciari131350%0:00
Penalty Kill 4 Players Defense
Line #DefenseDefensePHYDFOFWanted %Time %Time Play
1Justin FaulkJonas Siegenthaler1316569%2:07
2K'Andre MillerVladislav Gavrikov1313531%0:57
Penalty Kill 3 Players
Line #WingPHYDFOFWanted %Time %Time PlayDefenseDefensePHYDFOFWanted %Time %Time Play
1Elias Lindholm140580%0:00 K'Andre MillerJonas Siegenthaler140600%0:00
2Brandon Hagel140420%0:00 Jake WalmanVladislav Gavrikov140400%0:00
4 vs 4 Forward
Line #CenterWingPHYDFOFWanted %Time %Time Play
1Ryan Nugent-HopkinsMax Domi122600%0:00
2Elias LindholmAndrew Mangiapane122400%0:00
4 vs 4 Defense
Line #DefensePHYDFOFWanted %Time %Time Play
1Zach WerenskiJonas Siegenthaler122650%0:00
2K'Andre MillerVladislav Gavrikov122350%0:00
Last Minutes Offensive
Left WingCenterRight WingDefenseDefense
Brandon HagelRyan Nugent-HopkinsMatthew TkachukJustin FaulkJonas Siegenthaler
Last Minutes Defensive
Left WingCenterRight WingDefenseDefense
Ryan Nugent-HopkinsNoel AcciariBlake ColemanK'Andre MillerJonas Siegenthaler
Time
Total ForwardTotal DefenseLast Minutes OffensiveLast Minutes Defensive
60:00 60:00 0:001:10
Extra Forwards
Normal PowerPlayPenalty Kill
Matt Duchene, Andrew Mangiapane, Mathew BarzalMatt Duchene, Andrew MangiapaneNoel Acciari
Extra Defensemen
Normal PowerPlayPenalty Kill
Vladislav Gavrikov, Jake Walman, Zach WerenskiVladislav Gavrikov, Vladislav GavrikovJake Walman
Penalty Shots
Matthew Tkachuk, Ryan Nugent-Hopkins, Elias Lindholm, Brandon Hagel, Matt Duchene
Goalie
Linus Ullmark, Ukko-Pekka Luukkonen
Scratches
None

Senators

5 vs 5 Forward
Line #Left WingCenterRight WingPHYDFOFWanted %Time %Time Play
1Scott LaughtonPavel ZachaTravis Konecny1224040%21:22
2Andrew CoppSam BennettPierre Engvall1223027%14:33
3Gabriel LandeskogTeddy BluegerAnthony Mantha1222018%9:56
4Dakota JoshuaDerek RyanCraig Smith1221015%7:52
5 vs 5 Defense
Line #DefenseDefensePHYDFOFWanted %Time %Time Play
1Alexander RomanovJohn Klingberg1224040%21:20
2Nikita ZadorovDante Fabbro1223030%16:04
3Connor CliftonEthan Bear1222021%11:32
4Nikita ZadorovDante Fabbro122109%4:47
Power Play Forward
Line #Left WingCenterRight WingPHYDFOFWanted %Time %Time Play
1Travis KonecnyPavel ZachaAndrew Copp1226054%1:40
2Scott LaughtonSam BennettAnthony Mantha1224046%1:24
Power Play Defense
Line #DefenseDefensePHYDFOFWanted %Time %Time Play
1Nikita ZadorovAlexander Romanov1226067%2:04
2Connor CliftonJohn Klingberg1224033%1:00
Penalty Kill 4 Players Forward
Line #CenterWingPHYDFOFWanted %Time %Time Play
1Teddy BluegerScott Laughton1226068%1:21
2Derek RyanAndrew Copp1224032%0:38
Penalty Kill 4 Players Defense
Line #DefenseDefensePHYDFOFWanted %Time %Time Play
1Nikita ZadorovAlexander Romanov1226053%1:03
2Connor CliftonDante Fabbro1224047%0:56
Penalty Kill 3 Players
Line #WingPHYDFOFWanted %Time %Time PlayDefenseDefensePHYDFOFWanted %Time %Time Play
1Andrew Copp122600%0:00 Nikita ZadorovAlexander Romanov122600%0:00
2Scott Laughton122400%0:00 Connor CliftonDante Fabbro122400%0:00
4 vs 4 Forward
Line #CenterWingPHYDFOFWanted %Time %Time Play
1Pavel ZachaTravis Konecny122600%0:00
2Sam BennettScott Laughton122400%0:00
4 vs 4 Defense
Line #DefensePHYDFOFWanted %Time %Time Play
1Nikita ZadorovAlexander Romanov122600%0:00
2Connor CliftonJohn Klingberg122400%0:00
Last Minutes Offensive
Left WingCenterRight WingDefenseDefense
Travis KonecnyPavel ZachaAndrew CoppNikita ZadorovJohn Klingberg
Last Minutes Defensive
Left WingCenterRight WingDefenseDefense
Scott LaughtonTeddy BluegerAndrew CoppNikita ZadorovAlexander Romanov
Time
Total ForwardTotal DefenseLast Minutes OffensiveLast Minutes Defensive
60:00 60:00 1:140:00
Extra Forwards
Normal PowerPlayPenalty Kill
Pierre Engvall, Teddy Blueger, Anthony ManthaPierre Engvall, Teddy BluegerAnthony Mantha
Extra Defensemen
Normal PowerPlayPenalty Kill
Dante Fabbro, Ethan Bear, Connor CliftonJohn Klingberg, Ethan BearNikita Zadorov
Penalty Shots
Travis Konecny, Scott Laughton, Pavel Zacha, Sam Bennett, Andrew Copp
Goalie
Juuse Saros, Eric Comrie
Scratches
Nathan Bastian (Healthy), Pierre-Olivier Joseph (Healthy)


Play-by-Play

1st period


0:01 of 1st period - Elias Lindholm wins face-off versus Pavel Zacha in neutral zone.
0:12 of 1st period - Wrist shot by Max Domi.
0:12 of 1st period - Stopped by Juuse Saros without a rebound.
0:13 of 1st period - Sam Bennett wins face-off versus Matthew Tkachuk in Senators zone.
1:04 of 1st period - Andrew Mangiapane is hit by Travis Konecny and loses puck.
1:31 of 1st period - Zach Werenski is hit by Derek Ryan and loses puck.
1:48 of 1st period - Wrist shot by Brandon Hagel.
1:48 of 1st period - Stopped by Juuse Saros without a rebound.
1:49 of 1st period - Sam Bennett wins face-off versus Matt Duchene in Senators zone.
2:08 of 1st period - Wrist shot by Sam Bennett.
2:08 of 1st period - Stopped by Linus Ullmark without a rebound.
2:09 of 1st period - Pavel Zacha wins face-off versus Elias Lindholm in Canadiens zone.
3:02 of 1st period - Slapshot by Travis Konecny.
3:02 of 1st period - Stopped by Linus Ullmark without a rebound.
3:03 of 1st period - Matt Duchene wins face-off versus Teddy Blueger in Canadiens zone.
3:10 of 1st period - Slapshot by Justin Faulk.
3:10 of 1st period - Stopped by Juuse Saros without a rebound.
3:11 of 1st period - Sam Bennett wins face-off versus Elias Lindholm in Senators zone.
3:22 of 1st period - Slapshot by John Klingberg.
3:22 of 1st period - Stopped by Linus Ullmark with a rebound.
3:24 of 1st period - Snap shot by Pierre Engvall.
3:24 of 1st period - Stopped by Linus Ullmark with a rebound.
3:44 of 1st period - Slapshot by Justin Faulk.
3:44 of 1st period - Stopped by Juuse Saros without a rebound.
3:45 of 1st period - Pavel Zacha wins face-off versus Matt Duchene in Senators zone.
4:14 of 1st period - Snap shot by Brandon Hagel.
4:14 of 1st period - Goal by Brandon Hagel - Canadiens : 1 - Senators : 0.
4:15 of 1st period - Elias Lindholm wins face-off versus Sam Bennett in neutral zone.
4:42 of 1st period - Mathew Barzal is hit by Dakota Joshua.
4:48 of 1st period - Snap shot by Ryan Nugent-Hopkins.
4:48 of 1st period - Stopped by Juuse Saros with a rebound.
4:52 of 1st period - Slapshot by Ryan Nugent-Hopkins.
4:52 of 1st period - Shot Misses the Net.
5:02 of 1st period - K'Andre Miller is hit by Dante Fabbro and loses puck.
5:09 of 1st period - Slapshot by Teddy Blueger.
5:09 of 1st period - Stopped by Linus Ullmark without a rebound.
5:10 of 1st period - Elias Lindholm wins face-off versus Pavel Zacha in Canadiens zone.
5:48 of 1st period - Brandon Hagel is hit by Pierre Engvall and loses puck.
6:08 of 1st period - Teddy Blueger is hit by Mathew Barzal.
7:06 of 1st period - Ryan Nugent-Hopkins is hit by Pierre Engvall.
7:39 of 1st period - Slapshot by Matthew Tkachuk.
7:39 of 1st period - Shot Blocked by Teddy Blueger.
8:05 of 1st period - Snap shot by Pavel Zacha.
8:05 of 1st period - Shot Misses the Net.
8:15 of 1st period - Slapshot by Elias Lindholm.
8:15 of 1st period - Deflect By Andrew Mangiapane.
8:15 of 1st period - Goal by Andrew Mangiapane - Canadiens : 2 - Senators : 0.
8:16 of 1st period - Elias Lindholm wins face-off versus Pavel Zacha in neutral zone.
9:29 of 1st period - K'Andre Miller is hit by Teddy Blueger and loses puck.
9:50 of 1st period - Snap shot by Matthew Tkachuk.
9:50 of 1st period - Stopped by Juuse Saros with a rebound.
9:52 of 1st period - Snap shot by Matias Maccelli.
9:52 of 1st period - Shot Misses the Net.
9:58 of 1st period - Matias Maccelli is hit by Ethan Bear and loses puck.
10:26 of 1st period - Icing by Ethan Bear.
10:27 of 1st period - Elias Lindholm wins face-off versus Derek Ryan in Senators zone.
10:51 of 1st period - Icing by Andrew Mangiapane.
10:52 of 1st period - Pavel Zacha wins face-off versus Matt Duchene in Canadiens zone.
11:07 of 1st period - Scott Laughton is hit by Brandon Hagel and loses puck.
11:17 of 1st period - Off-side.
11:18 of 1st period - Elias Lindholm wins face-off versus Sam Bennett in neutral zone.
11:23 of 1st period - Pierre Engvall is hit by Elias Lindholm and loses puck.
11:32 of 1st period - Elias Lindholm is hit by Andrew Copp.
11:53 of 1st period - Wrist shot by Travis Konecny.
11:53 of 1st period - Stopped by Linus Ullmark without a rebound.
11:54 of 1st period - Elias Lindholm wins face-off versus Pavel Zacha in Canadiens zone.
12:20 of 1st period - Icing by Pavel Zacha.
12:21 of 1st period - Pavel Zacha wins face-off versus Matt Duchene in Senators zone.
12:35 of 1st period - Wrist shot by Sam Bennett.
12:35 of 1st period - Shot Blocked by K'Andre Miller.
12:37 of 1st period - Wrist shot by Andrew Copp.
12:37 of 1st period - Stopped by Linus Ullmark without a rebound.
12:38 of 1st period - Pavel Zacha wins face-off versus Elias Lindholm in Canadiens zone.
12:49 of 1st period - Wrist shot by Max Domi.
12:49 of 1st period - Shot Misses the Net.
13:05 of 1st period - Nikita Zadorov is hit by Brandon Hagel and loses puck.
13:50 of 1st period - Snap shot by Travis Konecny.
13:50 of 1st period - Goal by Travis Konecny - Canadiens : 2 - Senators : 1.
13:51 of 1st period - Pavel Zacha wins face-off versus Elias Lindholm in neutral zone.
13:54 of 1st period - Wrist shot by John Klingberg.
13:54 of 1st period - Shot Misses the Net.
14:32 of 1st period - Jonas Siegenthaler is hit by Sam Bennett and loses puck.
14:57 of 1st period - Snap shot by Blake Coleman.
14:57 of 1st period - Stopped by Juuse Saros without a rebound.
14:58 of 1st period - Pavel Zacha wins face-off versus Elias Lindholm in Senators zone.
14:58 of 1st period - Pavel Zacha is hit by Jake Walman.
15:32 of 1st period - Wrist shot by Brandon Hagel.
15:32 of 1st period - Stopped by Juuse Saros without a rebound.
15:33 of 1st period - Teddy Blueger wins face-off versus Max Domi in Senators zone.
16:54 of 1st period - Snap shot by Sam Bennett.
16:54 of 1st period - Stopped by Linus Ullmark without a rebound.
16:55 of 1st period - Matt Duchene wins face-off versus Pavel Zacha in Canadiens zone.
17:15 of 1st period - Minor Penalty to Matthew Tkachuk for Kneeing.
17:16 of 1st period - Ryan Nugent-Hopkins wins face-off versus Pavel Zacha in Canadiens zone.
17:30 of 1st period - Snap shot by Brandon Hagel.
17:30 of 1st period - Stopped by Juuse Saros with a rebound.
18:06 of 1st period - Wrist shot by Max Domi.
18:06 of 1st period - Shot Misses the Net.
18:08 of 1st period - Slapshot by Noel Acciari.
18:08 of 1st period - Shot Blocked by Alexander Romanov.
18:10 of 1st period - Slapshot by Justin Faulk.
18:10 of 1st period - Stopped by Juuse Saros without a rebound.
18:11 of 1st period - Sam Bennett wins face-off versus Ryan Nugent-Hopkins in Senators zone.
18:18 of 1st period - Slapshot by Scott Laughton.
18:18 of 1st period - Stopped by Linus Ullmark with a rebound.
18:20 of 1st period - Wrist shot by Scott Laughton.
18:20 of 1st period - Goal by Scott Laughton - Canadiens : 2 - Senators : 2.
18:21 of 1st period - Elias Lindholm wins face-off versus Pavel Zacha in neutral zone.
18:36 of 1st period - Snap shot by Elias Lindholm.
18:36 of 1st period - Shot Misses the Net.
18:38 of 1st period - Snap shot by Elias Lindholm.
18:38 of 1st period - Goal by Elias Lindholm - Canadiens : 3 - Senators : 2.
18:39 of 1st period - Elias Lindholm wins face-off versus Sam Bennett in neutral zone.
18:42 of 1st period - Dante Fabbro is hit by Justin Faulk and loses puck.
19:36 of 1st period - Snap shot by Matt Duchene.
19:36 of 1st period - Shot Misses the Net.
19:38 of 1st period - Slapshot by Justin Faulk.
19:38 of 1st period - Shot Misses the Net.
Goals for this period are 3 for Canadiens vs 2 for Senators.
Shots for this period are 13 for Canadiens vs 11 for Senators.

2nd period


0:01 of 2nd period - Elias Lindholm wins face-off versus Sam Bennett in neutral zone.
0:10 of 2nd period - Snap shot by Max Domi.
0:10 of 2nd period - Shot Misses the Net.
0:12 of 2nd period - Slapshot by Zach Werenski.
0:12 of 2nd period - Stopped by Juuse Saros with a rebound.
0:14 of 2nd period - Slapshot by Zach Werenski.
0:14 of 2nd period - Deflect By Andrew Mangiapane.
0:14 of 2nd period - Shot Misses the Net.
0:14 of 2nd period - Puck is out of play.
0:15 of 2nd period - Elias Lindholm wins face-off versus Pavel Zacha in Senators zone.
0:42 of 2nd period - Matthew Tkachuk is hit by Nikita Zadorov.
0:48 of 2nd period - Slapshot by Matthew Tkachuk.
0:48 of 2nd period - Stopped by Juuse Saros without a rebound.
0:49 of 2nd period - Elias Lindholm wins face-off versus Teddy Blueger in Senators zone.
0:53 of 2nd period - Minor Penalty to Gabriel Landeskog for Hooking.
0:54 of 2nd period - Elias Lindholm wins face-off versus Teddy Blueger in Senators zone.
1:08 of 2nd period - Wrist shot by Ryan Nugent-Hopkins.
1:08 of 2nd period - Shot Blocked by Scott Laughton.
1:10 of 2nd period - Slapshot by Justin Faulk.
1:10 of 2nd period - Shot Misses the Net.
1:29 of 2nd period - Connor Clifton is hit by Andrew Mangiapane and loses puck.
2:35 of 2nd period - Icing by Elias Lindholm.
2:36 of 2nd period - Derek Ryan wins face-off versus Elias Lindholm in Canadiens zone.
2:53 of 2nd period - Penalty to Gabriel Landeskog is over, Gabriel Landeskog is back on ice.
2:59 of 2nd period - Scott Laughton is hit by Vladislav Gavrikov and loses puck.
3:14 of 2nd period - Mathew Barzal is hit by Andrew Copp and loses puck.
4:07 of 2nd period - Zach Werenski is hit by Andrew Copp and loses puck.
5:28 of 2nd period - Zach Werenski is hit by Scott Laughton and loses puck.
6:04 of 2nd period - Ethan Bear is hit by Matias Maccelli and loses puck.
6:09 of 2nd period - Snap shot by Matt Duchene.
6:09 of 2nd period - Shot Blocked by Connor Clifton.
6:11 of 2nd period - Snap shot by Matt Duchene.
6:11 of 2nd period - Shot Misses the Net.
7:07 of 2nd period - Wrist shot by Derek Ryan.
7:07 of 2nd period - Shot Blocked by Justin Faulk.
7:09 of 2nd period - Snap shot by Craig Smith.
7:09 of 2nd period - Shot Misses the Net.
7:46 of 2nd period - Slapshot by Matias Maccelli.
7:46 of 2nd period - Shot Misses the Net.
8:04 of 2nd period - Wrist shot by Noel Acciari.
8:04 of 2nd period - Stopped by Juuse Saros without a rebound.
8:05 of 2nd period - Pavel Zacha wins face-off versus Elias Lindholm in Senators zone.
8:36 of 2nd period - Snap shot by Andrew Copp.
8:36 of 2nd period - Shot Misses the Net.
8:38 of 2nd period - Snap shot by Pierre Engvall.
8:38 of 2nd period - Stopped by Linus Ullmark without a rebound.
8:39 of 2nd period - Elias Lindholm wins face-off versus Sam Bennett in Canadiens zone.
9:33 of 2nd period - Off-side.
9:34 of 2nd period - Matt Duchene wins face-off versus Pierre Engvall in neutral zone.
10:21 of 2nd period - Wrist shot by Teddy Blueger.
10:21 of 2nd period - Shot Misses the Net.
10:50 of 2nd period - Matt Duchene is hit by Alexander Romanov and loses puck.
11:24 of 2nd period - Slapshot by Vladislav Gavrikov.
11:24 of 2nd period - Stopped by Juuse Saros with a rebound.
11:26 of 2nd period - Snap shot by Blake Coleman.
11:26 of 2nd period - Stopped by Juuse Saros without a rebound.
11:27 of 2nd period - Derek Ryan wins face-off versus Mathew Barzal in Senators zone.
11:31 of 2nd period - Off-side.
11:32 of 2nd period - Elias Lindholm wins face-off versus Pavel Zacha in neutral zone.
12:05 of 2nd period - Backhand shot by Sam Bennett.
12:05 of 2nd period - Stopped by Linus Ullmark with a rebound.
12:07 of 2nd period - Slapshot by Dante Fabbro.
12:07 of 2nd period - Shot Misses the Net.
12:09 of 2nd period - Snap shot by Dante Fabbro.
12:09 of 2nd period - Shot Misses the Net.
12:29 of 2nd period - Slapshot by Anthony Mantha.
12:29 of 2nd period - Stopped by Linus Ullmark with a rebound.
12:31 of 2nd period - Slapshot by Anthony Mantha.
12:31 of 2nd period - Stopped by Linus Ullmark with a rebound.
13:04 of 2nd period - Slapshot by John Klingberg.
13:04 of 2nd period - Stopped by Linus Ullmark with a rebound.
13:06 of 2nd period - Wrist shot by Scott Laughton.
13:06 of 2nd period - Goal by Scott Laughton - Canadiens : 3 - Senators : 3.
13:07 of 2nd period - Pavel Zacha wins face-off versus Elias Lindholm in neutral zone.
13:34 of 2nd period - Sam Bennett is hit by Jake Walman and loses puck.
14:05 of 2nd period - Snap shot by Ryan Nugent-Hopkins.
14:05 of 2nd period - Shot Blocked by Nikita Zadorov.
14:17 of 2nd period - Slapshot by Dante Fabbro.
14:17 of 2nd period - Stopped by Linus Ullmark without a rebound.
14:18 of 2nd period - Elias Lindholm wins face-off versus Derek Ryan in Canadiens zone.
14:31 of 2nd period - Snap shot by Craig Smith.
14:31 of 2nd period - Shot Misses the Net.
14:48 of 2nd period - Snap shot by Dakota Joshua.
14:48 of 2nd period - Stopped by Linus Ullmark without a rebound.
14:49 of 2nd period - Matt Duchene wins face-off versus Pavel Zacha in Canadiens zone.
14:54 of 2nd period - Backhand shot by Vladislav Gavrikov.
14:54 of 2nd period - Deflect By Matt Duchene.
14:54 of 2nd period - Stopped by Juuse Saros with a rebound.
15:20 of 2nd period - Snap shot by Blake Coleman.
15:20 of 2nd period - Shot Blocked by Ethan Bear.
15:22 of 2nd period - Slapshot by Mathew Barzal.
15:22 of 2nd period - Deflect By Ryan Nugent-Hopkins.
15:22 of 2nd period - Shot Misses the Net.
15:22 of 2nd period - Puck is out of play.
15:23 of 2nd period - Elias Lindholm wins face-off versus Sam Bennett in Senators zone.
15:50 of 2nd period - Brandon Hagel is hit by Alexander Romanov.
16:00 of 2nd period - Snap shot by Matthew Tkachuk.
16:00 of 2nd period - Shot Blocked by Pavel Zacha.
16:37 of 2nd period - Off-side.
16:38 of 2nd period - Noel Acciari wins face-off versus Derek Ryan in neutral zone.
16:40 of 2nd period - Off-side.
16:41 of 2nd period - Matthew Tkachuk wins face-off versus Pavel Zacha in neutral zone.
16:48 of 2nd period - Slapshot by Matthew Tkachuk.
16:48 of 2nd period - Shot Misses the Net.
16:56 of 2nd period - Snap shot by Noel Acciari.
16:56 of 2nd period - Stopped by Juuse Saros with a rebound.
17:43 of 2nd period - Slapshot by Jonas Siegenthaler.
17:43 of 2nd period - Stopped by Juuse Saros with a rebound.
18:49 of 2nd period - Wrist shot by Andrew Copp.
18:49 of 2nd period - Deflect By Pierre Engvall.
18:49 of 2nd period - Shot Misses the Net.
18:49 of 2nd period - Puck is out of play.
18:50 of 2nd period - Pavel Zacha wins face-off versus Ryan Nugent-Hopkins in Canadiens zone.
Goals for this period are 0 for Canadiens vs 1 for Senators.
Shots for this period are 8 for Canadiens vs 8 for Senators.

3rd period


0:01 of 3rd period - Pavel Zacha wins face-off versus Elias Lindholm in neutral zone.
0:06 of 3rd period - Snap shot by Pavel Zacha.
0:06 of 3rd period - Stopped by Linus Ullmark with a rebound.
0:08 of 3rd period - Snap shot by Scott Laughton.
0:08 of 3rd period - Stopped by Linus Ullmark without a rebound.
0:09 of 3rd period - Elias Lindholm wins face-off versus Scott Laughton in Canadiens zone.
0:45 of 3rd period - Snap shot by Andrew Mangiapane.
0:45 of 3rd period - Stopped by Juuse Saros with a rebound.
0:51 of 3rd period - Slapshot by Travis Konecny.
0:51 of 3rd period - Shot Blocked by Jonas Siegenthaler.
0:53 of 3rd period - Slapshot by Alexander Romanov.
0:53 of 3rd period - Deflect By Scott Laughton.
0:53 of 3rd period - Shot Misses the Net.
0:53 of 3rd period - Puck is out of play.
0:54 of 3rd period - Matt Duchene wins face-off versus Sam Bennett in Canadiens zone.
1:03 of 3rd period - Snap shot by Brandon Hagel.
1:03 of 3rd period - Goal by Brandon Hagel - Canadiens : 4 - Senators : 3.
1:04 of 3rd period - Pavel Zacha wins face-off versus Elias Lindholm in neutral zone.
1:31 of 3rd period - John Klingberg is hit by Matthew Tkachuk and loses puck.
2:03 of 3rd period - Slapshot by Vladislav Gavrikov.
2:03 of 3rd period - Shot Blocked by Teddy Blueger.
3:31 of 3rd period - Wrist shot by Anthony Mantha.
3:31 of 3rd period - Stopped by Linus Ullmark without a rebound.
3:32 of 3rd period - Matt Duchene wins face-off versus Pavel Zacha in Canadiens zone.
4:03 of 3rd period - Snap shot by Sam Bennett.
4:03 of 3rd period - Shot Misses the Net.
4:47 of 3rd period - Justin Faulk is hit by Dakota Joshua and loses puck.
4:56 of 3rd period - Snap shot by Dakota Joshua.
4:56 of 3rd period - Shot Misses the Net.
5:06 of 3rd period - Justin Faulk is hit by Pavel Zacha and loses puck.
6:04 of 3rd period - Max Domi is hit by John Klingberg and loses puck.
7:18 of 3rd period - Snap shot by Matt Duchene.
7:18 of 3rd period - Shot Misses the Net.
7:20 of 3rd period - Slapshot by Jonas Siegenthaler.
7:20 of 3rd period - Stopped by Juuse Saros without a rebound.
7:21 of 3rd period - Elias Lindholm wins face-off versus Sam Bennett in Senators zone.
7:48 of 3rd period - Dante Fabbro is hit by Jake Walman.
7:58 of 3rd period - Snap shot by Teddy Blueger.
7:58 of 3rd period - Stopped by Linus Ullmark with a rebound.
8:15 of 3rd period - Off-side.
8:16 of 3rd period - Sam Bennett wins face-off versus Noel Acciari in neutral zone.
8:24 of 3rd period - Snap shot by Andrew Copp.
8:24 of 3rd period - Shot Misses the Net.
8:48 of 3rd period - Andrew Mangiapane is hit by Travis Konecny and loses puck.
9:06 of 3rd period - Off-side.
9:07 of 3rd period - Derek Ryan wins face-off versus Matt Duchene in neutral zone.
10:37 of 3rd period - Jake Walman is hit by Dakota Joshua.
11:21 of 3rd period - Wrist shot by Sam Bennett.
11:21 of 3rd period - Stopped by Linus Ullmark with a rebound.
11:26 of 3rd period - Off-side.
11:27 of 3rd period - Teddy Blueger wins face-off versus Matt Duchene in neutral zone.
11:29 of 3rd period - Off-side.
11:30 of 3rd period - Teddy Blueger wins face-off versus Elias Lindholm in neutral zone.
11:45 of 3rd period - Backhand shot by Teddy Blueger.
11:45 of 3rd period - Stopped by Linus Ullmark without a rebound.
11:46 of 3rd period - Matt Duchene wins face-off versus Pavel Zacha in Canadiens zone.
11:59 of 3rd period - Wrist shot by Matthew Tkachuk.
11:59 of 3rd period - Stopped by Juuse Saros without a rebound.
12:00 of 3rd period - Elias Lindholm wins face-off versus Pavel Zacha in Senators zone.
12:07 of 3rd period - Wrist shot by Andrew Mangiapane.
12:07 of 3rd period - Shot Blocked by Nikita Zadorov.
12:27 of 3rd period - Nikita Zadorov is hit by Brandon Hagel and loses puck.
12:32 of 3rd period - Snap shot by Matthew Tkachuk.
12:32 of 3rd period - Deflect By Matt Duchene.
12:32 of 3rd period - Stopped by Juuse Saros without a rebound.
12:33 of 3rd period - Sam Bennett wins face-off versus Matt Duchene in Senators zone.
13:01 of 3rd period - Wrist shot by Elias Lindholm.
13:01 of 3rd period - Stopped by Juuse Saros without a rebound.
13:02 of 3rd period - Pavel Zacha wins face-off versus Elias Lindholm in Senators zone.
13:06 of 3rd period - Andrew Mangiapane beats up Dante Fabbro.
13:06 of 3rd period - Penalty to Dante Fabbro for Fighting.
13:06 of 3rd period - Penalty to Andrew Mangiapane for Fighting.
13:07 of 3rd period - Elias Lindholm wins face-off versus Pavel Zacha in Senators zone.
13:21 of 3rd period - Minor Penalty to Justin Faulk for Hooking.
13:22 of 3rd period - Ryan Nugent-Hopkins wins face-off versus Andrew Copp in Canadiens zone.
13:30 of 3rd period - Slapshot by Ryan Nugent-Hopkins.
13:30 of 3rd period - Shot Blocked by Andrew Copp.
14:35 of 3rd period - Jonas Siegenthaler is hit by Travis Konecny and loses puck.
15:21 of 3rd period - Penalty to Justin Faulk is over, Justin Faulk is back on ice.
15:54 of 3rd period - Elias Lindholm is hit by Craig Smith and loses puck.
16:34 of 3rd period - Snap shot by Blake Coleman.
16:34 of 3rd period - Shot Misses the Net.
17:02 of 3rd period - Wrist shot by Elias Lindholm.
17:02 of 3rd period - Stopped by Juuse Saros with a rebound.
17:04 of 3rd period - Slapshot by K'Andre Miller.
17:04 of 3rd period - Stopped by Juuse Saros without a rebound.
17:05 of 3rd period - Pavel Zacha wins face-off versus Matt Duchene in Senators zone.
17:05 of 3rd period - Pavel Zacha is hit by Jake Walman.
17:34 of 3rd period - Icing by Alexander Romanov.
17:35 of 3rd period - Matt Duchene wins face-off versus Anthony Mantha in Senators zone.
17:52 of 3rd period - John Klingberg is hit by Matthew Tkachuk and loses puck.
19:14 of 3rd period - Ryan Nugent-Hopkins is hit by Dakota Joshua and loses puck.
19:33 of 3rd period - Snap shot by Matthew Tkachuk.
19:33 of 3rd period - Stopped by Juuse Saros with a rebound.
19:35 of 3rd period - Snap shot by Ryan Nugent-Hopkins.
19:35 of 3rd period - Shot Blocked by Dakota Joshua.
19:37 of 3rd period - Wrist shot by Noel Acciari.
19:37 of 3rd period - Shot Blocked by John Klingberg.
19:39 of 3rd period - Snap shot by Noel Acciari.
19:39 of 3rd period - Stopped by Juuse Saros with a rebound.
19:41 of 3rd period - Slapshot by Jonas Siegenthaler.
19:41 of 3rd period - Stopped by Juuse Saros with a rebound.
19:43 of 3rd period - Snap shot by Matthew Tkachuk.
19:43 of 3rd period - Shot Blocked by Dante Fabbro.
19:43 of 3rd period - Dante Fabbro from Senators is injured at 19:43 of 3rd period (Torso).
19:44 of 3rd period - Noel Acciari wins face-off versus Pavel Zacha in Senators zone.
19:59 of 3rd period - Senators, Juuse Saros is pulled from the net.
19:59 of 3rd period - Wrist shot by Pavel Zacha.
19:59 of 3rd period - Stopped by Linus Ullmark with a rebound.
Goals for this period are 1 for Canadiens vs 0 for Senators.
Shots for this period are 11 for Canadiens vs 7 for Senators.